cohdb
Replays
Latest Replays
All Replays
Popular Replays
Top Player Replays
Match Explorer
How It Works
Community
CoH3 Stats
Reddit
Sign in to upload your games and track your stats! →
Sign in with Steam
Match 42599619
Unlisted
Match 42599619
Overview
Messages
Build Orders
End
Construct Infanterie Kompanie
Kettenkrad Recon Vehicle
MG 42 Machine Gun Team
Selects Terror Battlegroup
Selects Machine Gun Camouflage
MG 42 Machine Gun Team
Construct Panzergrenadier Kompanie
Panzergrenadier Squad
251 Medium Carrier
Selects Contempt for the Weak
Panzergrenadier Squad
Medical Station
Panzergrenadier Officer Quarters
Pak 40 Anti-tank Gun Team
Support Elements
Selects No Quarter
StuG III G Assault Gun
Pioneer Squad
Selects Propaganda Leaflet Drop
MG 42 Machine Gun Team
Nebelwerfer 42 Rocket Launcher Team
RommelF
Agua de Jamaica
0
0
Comments
sign in to comment!
No comments posted yet!